TOP OF THE 1ST |
Rio Grande Rattlesnake batting - Pitching for Penquannock Overrated Jeter : RHP Carl Thomas
|
Pitching: RHP Carl Thomas
|
|
Batting: RHB Jaime Delgado
|
0-0: Foul Ball, location: 2F 0-1: Swinging Strike 0-2: Strikes out swinging
|
Batting: SHB William Daly
|
0-0: Called Strike 0-1: Called Strike 0-2: Strikes out looking
|
Batting: RHB Hollis Wood
|
0-0: Ball 1-0: Ball 2-0: Ball 3-0: Called Strike 3-1: Base on Balls
|
Batting: LHB Claudio Rodríguez
|
0-0: Called Strike 0-1: Ball 1-1: Ball 2-1: Foul Ball, location: 2F 2-2: Ball 3-2: 2-RUN HOME RUN (Flyball, 89XD), Distance : 419 ft
|
Batting: RHB Jeff Bane
|
0-0: Ball 1-0: Called Strike 1-1: Foul Ball, location: 2F 1-2: Strikes out swinging
|
Top of the 1st over - 2 run(s), 1 hit(s), 0 error(s), 0 left on base; Rio Grande 2 - Penquannock 0 |
BOTTOM OF THE 1ST |
Penquannock Overrated Jeter batting - Pitching for Rio Grande Rattlesnake : RHP Bryce Davis
|
Pitching: RHP Bryce Davis
|
|
Batting: RHB Aaron Holt
|
0-0: SINGLE (Line Drive, 89S)
|
Batting: RHB Phil Wright
|
0-0: 2-RUN HOME RUN (Flyball, 7D), Distance : 383 ft
|
Batting: RHB Bernardo Enríquez
|
0-0: Ground out 4-3 (Groundball, 4)
|
Batting: RHB José Velásquez
|
0-0: Fly out, F2 (Popup, 2L)
|
Batting: LHB Pete Weber
|
0-0: Ball 1-0: Ball 2-0: Ball 3-0: Base on Balls
|
Batting: LHB Tony Green
|
0-0: Ball 1-0: Foul Ball, location: 2F 1-1: Ball 2-1: Ball 3-1: Base on Balls Pete Weber to second
|
Batting: LHB Matt Reese
|
0-0: Foul Ball, location: 2F 0-1: Ball 1-1: SINGLE (Line Drive, 9S) Pete Weber to third Tony Green to second
|
Batting: RHB Armando Pagán
|
0-0: Called Strike 0-1: Fly out, F7 (Line Drive, 7)
|
Bottom of the 1st over - 2 run(s), 3 hit(s), 0 error(s), 3 left on base; Rio Grande 2 - Penquannock 2 |
TOP OF THE 2ND |
Rio Grande Rattlesnake batting - Pitching for Penquannock Overrated Jeter : RHP Carl Thomas
|
Batting: RHB David Suarze
|
0-0: Called Strike 0-1: Fly out, F8 (Flyball, 8LS)
|
Batting: RHB Doug Delaney
|
0-0: Ground out 6-3 (Groundball, 6)
|
Batting: RHB Paul Martin
|
0-0: Ball 1-0: Ball 2-0: Called Strike 2-1: Called Strike 2-2: Strikes out swinging
|
Top of the 2nd over - 0 run(s), 0 hit(s), 0 error(s), 0 left on base; Rio Grande 2 - Penquannock 2 |
BOTTOM OF THE 2ND |
Penquannock Overrated Jeter batting - Pitching for Rio Grande Rattlesnake : RHP Bryce Davis
|
Batting: RHB Manny Perea
|
0-0: Called Strike 0-1: Called Strike 0-2: Strikes out swinging
|
Batting: RHB Aaron Holt
|
0-0: Foul Ball, location: 2F 0-1: SINGLE (Line Drive, 56D)
|
Batting: RHB Phil Wright
|
0-0: Ball 1-0: Ball 2-0: Foul Ball, location: 2F 2-1: Foul Ball, location: 2F 2-2: Fly out, F3 (Line Drive, 3) Lined into DP, U3 (Line Drive, 3)
|
Bottom of the 2nd over - 0 run(s), 1 hit(s), 0 error(s), 0 left on base; Rio Grande 2 - Penquannock 2 |
TOP OF THE 3RD |
Rio Grande Rattlesnake batting - Pitching for Penquannock Overrated Jeter : RHP Carl Thomas
|
Batting: SHB Jeremy Holmes
|
0-0: Ball 1-0: Swinging Strike 1-1: Swinging Strike 1-2: Ball 2-2: Ball 3-2: Strikes out swinging
|
Batting: RHB Jaime Delgado
|
0-0: Called Strike 0-1: Ball 1-1: Ball 2-1: Ball 3-1: Bunt for hit - play at first, batter safe!
|
Batting: SHB William Daly
|
0-0: Called Strike 0-1: Swinging Strike 0-2: Ball 1-2: Ball 2-2: Foul Ball, location: 2F 2-2: Foul Ball, location: 2F 2-2: TRIPLE (Line Drive, 8RM) Jaime Delgado scores
|
Batting: RHB Hollis Wood
|
0-0: Ball 1-0: Ball 2-0: Called Strike 2-1: Ground out 6-3 (Groundball, 6) William Daly scores
|
Batting: LHB Claudio Rodríguez
|
0-0: Foul Ball, location: 2F 0-1: Ball 1-1: Ball 2-1: Foul Ball, location: 2F 2-2: Ball 3-2: SINGLE (Line Drive, 4D)
|
Batting: RHB Jeff Bane
|
0-0: Foul Ball, location: 2F 0-1: Called Strike 0-2: Ball 1-2: DOUBLE (Flyball, 78M) Claudio Rodríguez to third
|
Batting: RHB David Suarze
|
0-0: Ball 1-0: Fly out, F8 (Flyball, 89XD)
|
Top of the 3rd over - 2 run(s), 4 hit(s), 0 error(s), 2 left on base; Rio Grande 4 - Penquannock 2 |
BOTTOM OF THE 3RD |
Penquannock Overrated Jeter batting - Pitching for Rio Grande Rattlesnake : RHP Bryce Davis
|
Batting: RHB Bernardo Enríquez
|
0-0: Ball 1-0: Fly out, F9 (Flyball, 9)
|
Batting: RHB José Velásquez
|
0-0: Called Strike 0-1: Ground out 1-3 (Groundball, 15S)
|
Batting: LHB Pete Weber
|
0-0: Foul Ball, location: 2F 0-1: DOUBLE (Line Drive, 9LM)
|
Batting: LHB Tony Green
|
0-0: Ball 1-0: Called Strike 1-1: Fly out, F7 (Flyball, 78S)
|
Bottom of the 3rd over - 0 run(s), 1 hit(s), 0 error(s), 1 left on base; Rio Grande 4 - Penquannock 2 |
TOP OF THE 4TH |
Rio Grande Rattlesnake batting - Pitching for Penquannock Overrated Jeter : RHP Carl Thomas
|
Batting: RHB Doug Delaney
|
0-0: Ball 1-0: Ball 2-0: Swinging Strike 2-1: Foul Ball, location: 2F 2-2: Ball 3-2: SINGLE (Flyball, 78M)
|
Batting: RHB Paul Martin
|
0-0: Ball 1-0: Ball Doug Delaney steals 2nd base 2-0: Called Strike 2-1: Ball 3-1: SINGLE (Groundball, 6MD) Doug Delaney to third Runner from 3rd tries for Home, SAFE, no throw
|
Batting: SHB Jeremy Holmes
|
0-0: Ball Paul Martin is caught stealing 2nd base 1-0: Fly out, F7 (Flyball, 7LS)
|
Batting: RHB Jaime Delgado
|
0-0: Called Strike 0-1: Called Strike 0-2: Ball 1-2: Strikes out swinging
|
Top of the 4th over - 1 run(s), 2 hit(s), 0 error(s), 0 left on base; Rio Grande 5 - Penquannock 2 |
BOTTOM OF THE 4TH |
Penquannock Overrated Jeter batting - Pitching for Rio Grande Rattlesnake : RHP Bryce Davis
|
Batting: LHB Matt Reese
|
0-0: Ball 1-0: Called Strike 1-1: Foul Ball, location: 2F 1-2: Strikes out swinging
|
Batting: RHB Armando Pagán
|
0-0: Ball 1-0: Ball 2-0: SINGLE (Flyball, 9LS)
|
Batting: RHB Manny Perea
|
0-0: Called Strike 0-1: Ball 1-1: Ball 2-1: Called Strike 2-2: SINGLE (Line Drive, 4MD) Armando Pagán to second
|
Batting: RHB Aaron Holt
|
0-0: Ball 1-0: Foul Ball, location: 2F 1-1: Ball 2-1: Called Strike 2-2: Ball 3-2: Grounds into double play, 6-4-3 (Groundball, 56)
|
Bottom of the 4th over - 0 run(s), 2 hit(s), 0 error(s), 1 left on base; Rio Grande 5 - Penquannock 2 |
TOP OF THE 5TH |
Rio Grande Rattlesnake batting - Pitching for Penquannock Overrated Jeter : RHP Carl Thomas
|
Batting: SHB William Daly
|
0-0: Ball 1-0: Ball 2-0: Called Strike 2-1: Swinging Strike 2-2: Foul Ball, location: 2F 2-2: Strikes out swinging
|
Pitching: RHP Leonard Christensen
|
|
Batting: RHB Hollis Wood
|
0-0: Ball 1-0: Ball 2-0: Ball 3-0: Called Strike 3-1: Base on Balls
|
Batting: LHB Claudio Rodríguez
|
0-0: Swinging Strike 0-1: Ball 1-1: Ball 2-1: Ball 3-1: Base on Balls Hollis Wood to second
|
Batting: RHB Jeff Bane
|
0-0: Ball 1-0: Fly out, F8 (Flyball, 8LXD) Runner from 2nd tags up, SAFE at 3rd, no throw
|
Batting: RHB David Suarze
|
0-0: Fly out, F7 (Flyball, 7S)
|
Top of the 5th over - 0 run(s), 0 hit(s), 0 error(s), 2 left on base; Rio Grande 5 - Penquannock 2 |
BOTTOM OF THE 5TH |
Penquannock Overrated Jeter batting - Pitching for Rio Grande Rattlesnake : RHP Bryce Davis
|
Batting: RHB Phil Wright
|
0-0: Ball 1-0: Swinging Strike 1-1: Foul Ball, location: 2F 1-2: SINGLE (Line Drive, 6MD)
|
Batting: RHB Bernardo Enríquez
|
0-0: Foul Ball, location: 2F 0-1: Ground out 5-3 (Groundball, 56S) Phil Wright to second
|
Batting: RHB José Velásquez
|
0-0: Ball 1-0: Called Strike 1-1: Foul Ball, location: 2F 1-2: Strikes out swinging
|
Batting: LHB Pete Weber
|
0-0: Ball 1-0: Ball 2-0: Called Strike 2-1: Ground out 4-3 (Groundball, 4)
|
Bottom of the 5th over - 0 run(s), 1 hit(s), 0 error(s), 1 left on base; Rio Grande 5 - Penquannock 2 |
TOP OF THE 6TH |
Rio Grande Rattlesnake batting - Pitching for Penquannock Overrated Jeter : RHP Leonard Christensen
|
Batting: RHB Doug Delaney
|
0-0: Swinging Strike 0-1: SINGLE (Groundball, 34D)
|
Batting: RHB Paul Martin
|
0-0: Called Strike 0-1: Ball 1-1: 2-RUN HOME RUN (Line Drive, 78XD), Distance : 422 ft
|
Batting: SHB Jeremy Holmes
|
0-0: Ball 1-0: Foul Ball, location: 2F 1-1: Ground out U3 (Groundball, 3)
|
Batting: RHB Jaime Delgado
|
0-0: Foul Ball, location: 2F 0-1: Swinging Strike 0-2: Ball 1-2: Ball 2-2: Ball 3-2: DOUBLE (Line Drive, 78D)
|
Batting: SHB William Daly
|
0-0: Ball 1-0: Swinging Strike 1-1: Foul Ball, location: 2F 1-2: Ball 2-2: Foul Ball, location: 2F 2-2: Ball 3-2: Fly out, F8 (Flyball, 8LM)
|
Batting: RHB Hollis Wood
|
0-0: Ball 1-0: SINGLE (Flyball, 7S) Jaime Delgado to third Runner from 3rd tries for Home, SAFE, no throw
|
Batting: LHB Claudio Rodríguez
|
0-0: Ball 1-0: Fly out, F9 (Flyball, 9LS)
|
Top of the 6th over - 3 run(s), 4 hit(s), 0 error(s), 1 left on base; Rio Grande 8 - Penquannock 2 |
BOTTOM OF THE 6TH |
Penquannock Overrated Jeter batting - Pitching for Rio Grande Rattlesnake : RHP Bryce Davis
|
Batting: LHB Tony Green
|
0-0: Ball 1-0: Swinging Strike 1-1: SINGLE (Line Drive, 4MD)
|
Batting: LHB Matt Reese
|
0-0: Called Strike 0-1: Ball 1-1: Swinging Strike 1-2: Ball 2-2: Strikes out swinging
|
Batting: RHB Armando Pagán
|
0-0: Called Strike 0-1: Called Strike 0-2: Strikes out swinging
|
Batting: RHB Manny Perea
|
0-0: Ball 1-0: Ball 2-0: Ball 3-0: Called Strike 3-1: Fielders Choice at 2nd, 6-4 (Groundball, 56)
|
Bottom of the 6th over - 0 run(s), 1 hit(s), 0 error(s), 0 left on base; Rio Grande 8 - Penquannock 2 |
TOP OF THE 7TH |
Rio Grande Rattlesnake batting - Pitching for Penquannock Overrated Jeter : RHP Leonard Christensen
|
Batting: RHB Jeff Bane
|
0-0: Ball 1-0: Ball 2-0: Ball 3-0: Called Strike 3-1: Ground out U3 (Groundball, 3S)
|
Batting: RHB David Suarze
|
0-0: Fly out, F8 (Line Drive, 8LXD)
|
Batting: RHB Doug Delaney
|
0-0: Ball 1-0: SINGLE (Groundball, 4MD)
|
Batting: RHB Paul Martin
|
0-0: Called Strike 0-1: Foul Ball, location: 2F 0-2: Ball 1-2: Foul Ball, location: 2F 1-2: SINGLE (Line Drive, 56D) Doug Delaney to second
|
Batting: SHB Jeremy Holmes
|
0-0: Ball 1-0: Swinging Strike 1-1: Fly out, F8 (Flyball, 8LD)
|
Top of the 7th over - 0 run(s), 2 hit(s), 0 error(s), 2 left on base; Rio Grande 8 - Penquannock 2 |
BOTTOM OF THE 7TH |
Penquannock Overrated Jeter batting - Pitching for Rio Grande Rattlesnake : RHP Bryce Davis
|
Pitching: RHP Nelson Britt
|
|
Batting: RHB Aaron Holt
|
0-0: Swinging Strike 0-1: Ball 1-1: Ball 2-1: Swinging Strike 2-2: Ball 3-2: Base on Balls
|
Batting: RHB Phil Wright
|
0-0: Foul Ball, location: 2F 0-1: Foul Ball, location: 2F 0-2: Foul Ball, location: 2F 0-2: Ball 1-2: Strikes out looking
|
Batting: RHB Bernardo Enríquez
|
0-0: Ball 1-0: Ball 2-0: Ground out 5-3 (Groundball, 56S) Aaron Holt to second
|
Batting: RHB José Velásquez
|
0-0: Called Strike 0-1: Ball 1-1: Foul Ball, location: 2F 1-2: Ground out 4-3 (Groundball, 4)
|
Bottom of the 7th over - 0 run(s), 0 hit(s), 0 error(s), 1 left on base; Rio Grande 8 - Penquannock 2 |
TOP OF THE 8TH |
Rio Grande Rattlesnake batting - Pitching for Penquannock Overrated Jeter : RHP Leonard Christensen
|
Batting: RHB Jaime Delgado
|
0-0: Called Strike 0-1: Ball 1-1: Ground out 4-3 (Groundball, 4)
|
Batting: SHB William Daly
|
0-0: Foul Ball, location: 2F 0-1: Foul Ball, location: 2F 0-2: Foul Ball, location: 2F 0-2: Foul Ball, location: 2F 0-2: Fly out, F6 (Popup, 6D)
|
Batting: RHB Hollis Wood
|
0-0: Foul Ball, location: 2F 0-1: Ball 1-1: Ball 2-1: Ball 3-1: Ground out 4-3 (Groundball, 4)
|
Top of the 8th over - 0 run(s), 0 hit(s), 0 error(s), 0 left on base; Rio Grande 8 - Penquannock 2 |
BOTTOM OF THE 8TH |
Penquannock Overrated Jeter batting - Pitching for Rio Grande Rattlesnake : RHP Nelson Britt
|
Now at C: Cristián Román
|
|
Batting: LHB Pete Weber
|
0-0: Ground out 4-3 (Groundball, 4M)
|
Batting: LHB Tony Green
|
0-0: Ground out 6-3 (Groundball, 6)
|
Batting: LHB Matt Reese
|
0-0: SINGLE (Line Drive, 34)
|
Batting: RHB Armando Pagán
|
0-0: Ball Passed Ball! Matt Reese to second 1-0: Foul Ball, location: 2F 1-1: SINGLE (Flyball, 9S) Matt Reese to third Runner from 3rd tries for Home, SAFE, no throw
|
Batting: RHB Manny Perea
|
0-0: Ball Wild Pitch! Armando Pagán to second 1-0: Swinging Strike 1-1: SINGLE (Flyball, 8LS) Armando Pagán to third Runner from 3rd tries for Home, SAFE, no throw
|
Batting: RHB Aaron Holt
|
0-0: Swinging Strike 0-1: Called Strike 0-2: Ball 1-2: Ball 2-2: Ball 3-2: Foul Ball, location: 2F 3-2: Base on Balls Manny Perea to second
|
Pitching: RHP Brendan Green
|
|
Batting: RHB Phil Wright
|
0-0: Fly out, F9 (Flyball, 9LSF)
|
Bottom of the 8th over - 2 run(s), 3 hit(s), 0 error(s), 2 left on base; Rio Grande 8 - Penquannock 4 |
TOP OF THE 9TH |
Rio Grande Rattlesnake batting - Pitching for Penquannock Overrated Jeter : RHP Leonard Christensen
|
Batting: LHB Claudio Rodríguez
|
0-0: Swinging Strike 0-1: Foul Ball, location: 2F 0-2: SOLO HOME RUN (Flyball, 8RXD), Distance : 438 ft
|
Batting: RHB Jeff Bane
|
0-0: Foul Ball, location: 2F 0-1: Ball 1-1: Foul Ball, location: 2F 1-2: Ball 2-2: Ground out 4-3 (Groundball, 4)
|
Pitching: LHP Héctor Díaz
|
|
Batting: RHB David Suarze
|
0-0: Ball 1-0: Foul Ball, location: 2F 1-1: Fly out, F8 (Flyball, 8LM)
|
Batting: RHB Doug Delaney
|
0-0: Called Strike 0-1: Ball 1-1: Called Strike 1-2: Ball 2-2: Ball 3-2: Base on Balls
|
Batting: RHB Paul Martin
|
0-0: Called Strike 0-1: Foul Ball, location: 2F 0-2: Reached on error, E7 (Flyball, 7) Doug Delaney to third
|
Batting: SHB Jeremy Holmes
|
0-0: Ball 1-0: Called Strike 1-1: Called Strike 1-2: Strikes out swinging
|
Top of the 9th over - 1 run(s), 1 hit(s), 1 error(s), 2 left on base; Rio Grande 9 - Penquannock 4 |
BOTTOM OF THE 9TH |
Penquannock Overrated Jeter batting - Pitching for Rio Grande Rattlesnake : RHP Brendan Green
|
Batting: RHB Bernardo Enríquez
|
0-0: Called Strike 0-1: Fly out, F8 (Flyball, 89M)
|
Batting: RHB José Velásquez
|
0-0: Foul Ball, location: 2F 0-1: Foul Ball, location: 2F 0-2: Foul Ball, location: 2F 0-2: Strikes out swinging
|
Batting: LHB Pete Weber
|
0-0: Called Strike 0-1: Foul Ball, location: 2F 0-2: Ball 1-2: Fly out, F8 (Flyball, 8LD)
|
Bottom of the 9th over - 0 run(s), 0 hit(s), 0 error(s), 0 left on base; Rio Grande 9 - Penquannock 4 |
|